 Dungeon Crawl Stone Soup version 0.27-a0-1202-ge72e49191c (webtiles) character file.

Game seed: 10400728856954506284

96 pokeman the Magician (level 4, -1/25 HPs)
             Began as a Deep Elf Hedge Wizard on June 3, 2021.
             Killed from afar by Grinder (8 damage)
             ... with a puff of flame
             ... on level 3 of the Dungeon.
             The game lasted 00:05:04 (4008 turns).

pokeman the Magician (Deep Elf Hedge Wizard)        Turns: 4008, Time: 00:05:04

Health: -1/25      AC:  3    Str:  7    XL:     4   Next: 41%
Magic:  2/13       EV: 12    Int: 20    God:
Gold:   126        SH:  0    Dex: 14    Spells: 3/14 levels left

rFire    . . .     SeeInvis .   i - +1 short sword (vamp)
rCold    . . .     Faith    .   (no shield)
rNeg     . . .     Spirit   .   b - +0 robe
rPois    .         Reflect  .   c - +0 hat
rElec    .         Harm     .   a - +0 cloak
rCorr    .         Rampage  .   (no gloves)
Will     .....                  (no boots)
Stlth    ++........             (no amulet)
HPRegen  0.08/turn              (no ring)
MPRegen  0.13/turn              (no ring)

@: no status effects
A: no striking features
a: no special abilities


You were on level 3 of the Dungeon.
You visited 1 branch of the dungeon, and saw 3 of its levels.

You collected 126 gold pieces.

Inventory:

Hand Weapons
 i - a +1 vampiric short sword (weapon)
Missiles
 h - 48 arrows
Armour
 a - a +0 cloak (worn)
 b - a +0 robe (worn)
 c - a +0 hat (worn)
Scrolls
 d - 2 scrolls of identify {unknown}
 e - a scroll of magic mapping {unknown}
 k - a scroll of holy word {unknown}
Potions
 f - 2 potions of curing {unknown}
 g - a potion of ambrosia {unknown}
 j - a potion of might {unknown}
 l - a potion of flight {unknown}
 m - a potion of heal wounds {unknown}
 n - a potion of degeneration {unknown}


   Skills:
 - Level 1.0 Fighting
 - Level 1.0 Armour
 + Level 2.7 Dodging
 - Level 2.4 Stealth
 * Level 5.6 Spellcasting
 + Level 2.2 Conjurations
 - Level 1.1 Summonings
 - Level 1.1 Translocations
 + Level 0.9 Fire Magic


You had 3 spell levels left.
You knew the following spells:

 Your Spells              Type           Power      Damage    Failure   Level
a - Magic Dart            Conj           56%        1d5       4%          1
b - Mephitic Cloud        Conj/Pois/Air  8%         N/A       24%         3
c - Call Imp              Summ           10%        N/A       11%         2
d - Blink                 Tloc           N/A        N/A       11%         2
e - Conjure Flame         Conj/Fire      12%        6-21      17%         3

Your spell library contained the following spells:

 Spells                   Type           Power      Damage    Failure   Level
 Slow                     Hex            5%         N/A       16%         2


Dungeon Overview and Level Annotations

Branches:
Dungeon (3/15)

Altars:

Annotations:
D:3 3 runed translucent doors, Cyko's ghost, amateur DsBr; Grinder


Message History

A beastly little devil appears in a puff of flame.
Grinder hits your shadow imp.
Your shadow imp dies!
Your shadow imp closely misses Grinder.
Your crimson imp hits Grinder but does no damage.
Your crimson imp blinks!
Your shadow imp disappears in a puff of smoke!
Grinder says, "What is the universe for?"
Grinder gestures at you.
You suddenly lose the ability to move!
Your crimson imp blinks!
Grinder says, "Just stop there for a second..."
Grinder completely misses your crimson imp.
Your crimson imp blinks!
Grinder zaps a wand.
The puff of flame hits you!
Your crimson imp barely misses Grinder.
Your crimson imp blinks!
Grinder hits you but does no damage.
You can move again.
Unknown command.
An endoplasm comes into view.
Grinder hits your crimson imp.
Your magical contamination has completely faded away.
Unknown command.
Your crimson imp hits Grinder but does no damage.
Grinder blinks!
Grinder says, "You look like you could use a good racking."
Grinder misses your crimson imp.
You swap places.
Your crimson imp blinks!
Your crimson imp hits Grinder but does no damage.
Grinder gestures at you. Pain shoots through your body!
* * * LOW HITPOINT WARNING * * *
Items here: ( )) †.
Unknown command.
Your crimson imp disappears in a puff of smoke!
Grinder says, "Tell me all your secrets, or I'll kill you."
Grinder zaps a wand.
The puff of flame hits you!
You die...

..##############.#
.................##
.....#.#########..#######
.........................
.....######.####....#####
.....# #..........#
.....# #....#....###.#
.....# #######<.#.#
.....# .....5.@.#.#
.....# ####..##.#.#
.....# #..§.5)...#.#
.....######..#........# #
###
...................#!.#
#.#.#..
#............##.##.
.#.#.# . #......5.≈≈..#
.#.. ..#.# .
#.......≈..≈.#
....#.#.##.
≈...≈≈..≈..≈≈≈#
#.#.#......


You could see Grinder.

Vanquished Creatures
  2 adders
  2 worms (D:2)
  2 dart slugs (D:1)
  5 endoplasms
  2 giant cockroaches
  5 goblins
  6 hobgoblins
  9 jackals
  6 kobolds
  2 quokkas
  8 ball pythons
  A bat (D:1)
  3 frilled lizards (D:2)
  9 rats
62 creatures vanquished.

Notes
Turn   | Place    | Note
-------+----------+-------------------------------------------
     0 | D:1      | pokeman the Deep Elf Hedge Wizard began the quest for the
                  | Orb.
     0 | D:1      | Reached XP level 1. HP: 10/10 MP: 7/7
   345 | D:1      | Reached XP level 2. HP: 16/16 MP: 1/9
   792 | D:1      | Reached skill level 5 in Spellcasting
   986 | D:1      | Reached XP level 3. HP: 20/20 MP: 9/11
   990 | D:1      | Learned a level 3 spell: Mephitic Cloud
   993 | D:1      | Learned a level 2 spell: Call Imp
   996 | D:1      | Learned a level 2 spell: Blink
  1000 | D:1      | Learned a level 3 spell: Conjure Flame
  1776 | D:2      | Reached skill level 1 in Armour
  1786 | D:2      | Reached skill level 1 in Fighting
  2507 | D:2      | Found a faded altar of an unknown god.
  2775 | D:2      | Reached XP level 4. HP: 10/25 MP: 0/13
  3370 | D:3      | Noticed Grinder
  3741 | D:3      | Found a runed translucent gate.
  3744 | D:3      | Noticed Cyko's ghost (amateur DsBr)
  3780 | D:3      | Found a runed translucent gate.
  3780 | D:3      | Found a runed translucent gate.
  3986 | D:3      | Paralysed by Grinder for 3 turns
  3994 | D:3      | Paralysed by Grinder for 6 turns
  4008 | D:3      | Killed from afar by Grinder

Illustrated notes

Levels and vault maps discovered:
D:1:      dpeg_arrival_tiny_h, layout_loops_corners
D:2:      layout_basic, basic_ecumenical_altar
D:3:      cheibrodos_helix_gallery, layout_basic, ebering_ghost_rock_garden,
          uniq_grinder

Skill      XL: |  1  2  3 |
---------------+----------+-----
Spellcasting   | 5 |  5.6
Armour         | 1 |  1.0
Conjurations   | 2 |  2.2
Fighting       | 1 |  1.0
Dodging        | |  2.7
Stealth        | |  2.4
Summonings     | |  1.1
Translocations | |  1.1
Fire Magic     | |  0.9

Action                   |  1- 3 |  4- 6 || total
-------------------------+-------+-------++-------
Melee: Dagger            |     4 |       ||     4
       Short sword       |    17 |     5 ||    22
 Cast: Magic Dart        |   129 |    44 ||   173
       Mephitic Cloud    |     1 |       ||     1
       Call Imp          |       |    10 ||    10
 Stab: Confused          |     1 |       ||     1
Armor: Robe              |     7 |     5 ||    12
Dodge: Dodged            |    20 |    17 ||    37

Table legend: (Time is in decaauts)
 A = Elapsed time spent in this place.
 B = Non-inter-level travel time spent in this place.
 C = Inter-level travel time spent in this place.
 D = Time resting spent in this place.
 E = Time spent auto-exploring this place.
 F = Levels seen in this place.
 G = Mean time per level.
                   A        B        C        D        E       F      G
               +--------+--------+--------+--------+--------+-----+--------+
         Total |   4011 |   3868 |    143 |    326 |   3134 |   3 | 1337.0 |
       Dungeon |   4011 |   3868 |    143 |    326 |   3134 |   3 | 1337.0 |
               +--------+--------+--------+--------+--------+-----+--------+

Top non-repeatable levels by time:
     D:1: 1847 daAuts
     D:2: 1466 daAuts
     D:3: 697 daAuts
